 Dungeon Crawl Stone Soup version 0.28.0-47-ge53b351184 (webtiles) character file.

Game seed: 6861844843066427876

11130 hawla the Destroyer (level 11, -2/45 HPs)
             Began as a Felid Earth Elementalist on May 6, 2022.
             Was a High Priest of Vehumet.
             Slain by a manticore (22 damage)
             ... on level 13 of the Dungeon.
             The game lasted 00:58:54 (18121 turns).

hawla the Destroyer (Felid Earth Elementalist)     Turns: 18121, Time: 00:58:54

Health: -2/45      AC:  4    Str:  4    XL:     11   Next: 45%
Magic:  30/41      EV: 21    Int: 22    God:    Vehumet [*****.]
Gold:   762        SH:  0    Dex: 16    Spells: 3/24 levels left
                                        Lives:  0   Deaths: 3

rFire   + . .      SeeInvis +     - Unarmed
rCold   . . .      Faith    .   (shield unavailable)
rNeg    . . .      Spirit   .   (armour unavailable)
rPois   .          Reflect  .   (helmet unavailable)
rElec   .          Harm     .   (cloak unavailable)
rCorr   .          Rampage  .   (gloves unavailable)
Will    +....                   (boots unavailable)
Stlth   +++.......              s - amulet of regeneration
HPRegen 0.95/turn               j - ring of magical power
MPRegen 0.27/turn               w - ring of magical power

@: quick
A: very small, claws 1, fangs 3, see invisible, speed 1, shaggy fur 2, stealthy
paws, no weapons or thrown items, no armour, multi-lived, iridescent scales 1,
fire resistance 1, mutation resistance 1
a: Renounce Religion


You were on level 13 of the Dungeon.
You worshipped Vehumet.
Vehumet was extremely pleased with you.
You visited 2 branches of the dungeon, and saw 14 of its levels.

You collected 762 gold pieces.

Inventory:

Missiles
 b - 229 stones
Jewellery
 f - a ring of ice
 j - a ring of magical power (left paw)
 k - a ring of ice
 s - an amulet of regeneration (around neck)
 v - a ring of positive energy
 w - a ring of magical power (right paw)
 x - a +6 ring of dexterity
Wands
 a - a wand of flame (29)
 i - a wand of digging (8)
 m - a wand of polymorph (16)
Scrolls
 c - 3 scrolls of amnesia
 h - a scroll of vulnerability {unknown}
 p - a scroll of summoning {unknown}
 y - 2 scrolls of holy word
Potions
 d - 5 potions of curing {unknown}
 e - 2 potions of invisibility
 l - 2 potions of ambrosia
 n - a potion of magic
 o - 2 potions of brilliance
 r - 2 potions of berserk rage
 t - 2 potions of haste {unknown}
 u - a potion of flight
 z - a potion of heal wounds


   Skills:
 + Level 3.6 Fighting
 + Level 7.4 Dodging
 + Level 5.8 Stealth
 + Level 3.3 Unarmed Combat
 + Level 7.3 Spellcasting
 * Level 10.5 Conjurations
 + Level 7.7 Necromancy
 + Level 0.8 Translocations
 + Level 3.4 Transmutations
 * Level 10.2 Earth Magic
 + Level 4.5 Evocations


You had 3 spell levels left.
You knew the following spells:

 Your Spells              Type           Power      Damage    Failure   Level
a - Sandblast             Erth           100%       2d20      1%          1
b - Stone Arrow           Conj/Erth      100%       3d13      1%          3
c - Passwall              Tmut/Erth      31%        N/A       1%          2
d - Dispel Undead         Necr           42%        3d17      3%          4
e - Apportation           Tloc           22%        N/A       5%          1
f - Blink                 Tloc           22%        N/A       9%          2
g - Lehudib's Crystal Sp  Conj/Erth      26%        10d7      83%         8

Your spell library contained the following spells:

 Spells                   Type           Power      Damage    Failure   Level
 Yara's Violent Unravell  Hex/Tmut       7%         3d5       28%         5
 Static Discharge         Conj/Air       31%        N/A       1%          2
 Frozen Ramparts          Ice            16%        1d3       7%          3
 Inner Flame              Hex/Fire       8%         N/A       7%          3
 Gell's Gravitas          Tloc           11%        N/A       17%         3
 Ozocubu's Armour         Ice            8%         N/A       24%         3
 Sticky Flame             Conj/Fire      31%        2d5       2%          4
 Petrify                  Tmut/Erth      38%        N/A       4%          4
 Ice Form                 Ice/Tmut       15%        N/A       36%         4
 Cause Fear               Hex            4%         N/A       61%         4
 Summon Ice Beast         Ice/Summ       8%         N/A       61%         4
 Alistair's Intoxication  Tmut/Pois      10%        N/A       73%         5
 Summon Forest            Summ/Tloc      5%         N/A       88%         5
 Dispersal                Tloc           5%         N/A       100%        6
 Ozocubu's Refrigeration  Ice            4%         4d5       100%        7
 Discord                  Hex            4%         N/A       100%        8
 Animate Armour           Summ/Erth      Unusable   N/A       N/A         4

Dungeon Overview and Level Annotations

Branches:
Dungeon (13/15)            Temple (1/1) D:7            Lair (0/6) D:10
    Orc (0/2) D:12
 Vaults: D:13-14

Altars:
Ashenzari
Cheibriados
Dithmenos
Elyvilon
Fedhas
Gozag
Hepliaklqana
Kikubaaqudgha
Makhleb
Nemelex Xobeh
Okawaru
Qazlal
Ru
Sif Muna
Trog
Uskayaw
Vehumet
Wu Jian
Xom
Yredelemnul
Zin
The Shining One
Beogh

Annotations:
D:8 Harold
D:9 1 runed translucent door, 0gre's ghost, novice GnIE
D:12 Urug


Innate Abilities, Weirdness & Mutations

You have sharp claws.
You have razor-sharp teeth.
You have supernaturally acute eyesight. (SInv)
You cover ground quickly. (Speed+)
You are covered in thick fur. (AC +2)
Your paws help you pounce on unaware monsters.
You are incapable of wielding weapons or throwing items.
You cannot wear armour.
You gain extra lives every three experience levels.
You are partially covered in iridescent scales. (AC +2)
Your flesh is heat resistant. (rF+)
You are somewhat resistant to further mutation.


Message History

There is an open door here.
You open the door.
Found a stone staircase leading down.
There is an open door here.
Found a hand crossbow and a chain mail.
There is a stone staircase leading down here.
Found a buckler.
Found an escape hatch in the floor.
A manticore comes into view.
Casting: Stone Arrow (safe; 1% risk of failure)
Confirm with . or Enter, or press ? or * to list all spells.
Aiming: Stone Arrow (safe; 1% risk of failure)
Press: ? - help, Shift-Dir - straight line, f - manticore
Aim: a manticore (asleep, 100% to hit)
The stone arrow hits the manticore!
The manticore is moderately wounded.
Casting: Stone Arrow (safe; 1% risk of failure)
Confirm with . or Enter, or press ? or * to list all spells.
Aiming: Stone Arrow (safe; 1% risk of failure)
Press: ? - help, Shift-Dir - straight line, f/p - manticore
Aim: a manticore (moderately wounded, 87% to hit)
The stone arrow hits the manticore!
The manticore is heavily wounded.
The manticore bites you! The manticore completely misses you.
The manticore barely misses you.
Casting: Stone Arrow (safe; 1% risk of failure)
Confirm with . or Enter, or press ? or * to list all spells.
Aiming: Stone Arrow (safe; 1% risk of failure)
Press: ? - help, Shift-Dir - straight line, f/p - manticore
Aim: a manticore (heavily wounded, 87% to hit)
The stone arrow misses the manticore.
The manticore completely misses you. The manticore claws you! x2
Unknown command.
Casting: Stone Arrow (safe; 1% risk of failure)
Confirm with . or Enter, or press ? or * to list all spells.
Aiming: Stone Arrow (safe; 1% risk of failure)
Press: ? - help, Shift-Dir - straight line, f/p - manticore
Aim: a manticore (heavily wounded, 87% to hit)
The stone arrow misses the manticore.
The manticore bites you!!
You die...

#.## #..# ##.# #.# #
####.####### .#
#..........# ##.####
#...>......####.......
#.............#H......
###......^..)##.@.......
.............####.......
###..........# #######
#[.........#
############


You could see a manticore.

Vanquished Creatures
  4 hydras
  A centaur warrior (D:13)
  3 two-headed ogres
  3 death yaks (D:10)
  Sonja (D:10)
  A deep elf pyromancer (D:12)
  Pikel (D:5)
  An ugly thing (D:11)
  A cyclops (D:11)
  Maurice (D:12)
  9 centaur zombies
  An unseen horror (D:10)
  2 komodo dragons
  A troll (D:11)
  Grinder (D:5)
  A hornet (D:8)
  A slime creature (D:10)
  2 dream sheep (D:8)
  A meliai zombie (D:10)
  2 shadows
  Sigmund (D:2)
  7 yaks
  A wyvern (D:10)
  2 steam dragons (D:7)
  8 vampire mosquitoes (D:12)
  Edmund (D:5)
  2 acid dragons (D:10)
  2 water moccasins
  12 orc warriors
  A hornet zombie (D:8)
  4 sky beasts (D:7)
  3 ogres
  A centaur (D:9)
  A lemure (D:5)
  7 kobold brigands
  A gnoll sergeant (D:9)
  3 bullfrogs
  2 scorpions (D:5)
  A water moccasin zombie (D:6)
  16 killer bees
  5 wights
  3 bullfrog skeletons
  2 centaur skeletons
  5 hounds
  A gnoll shaman (D:10)
  2 jellies
  7 orc priests
  3 iguanas
  Terence (D:2)
  13 orc wizards
  2 hell rats (D:10)
  8 gnolls
  7 adders
  2 river rats (D:10)
  A white imp (D:5)
  An ufetubus (D:6)
  An adder skeleton (D:4)
  3 dart slugs
  59 orcs
  7 bats
  4 endoplasms
  6 giant cockroaches
  7 goblins
  5 hobgoblins
  7 jackals
  26 kobolds
  7 quokkas
  4 ball pythons
  4 frilled lizards
  11 rats
328 creatures vanquished.

Vanquished Creatures (others)
  6 plants (D:9)
6 creatures vanquished.

Grand Total: 334 creatures vanquished

Notes
Turn   | Place    | Note
-------+----------+-------------------------------------------
     0 | D:1      | hawla the Felid Earth Elementalist began the quest for the
                  | Orb.
     0 | D:1      | Reached XP level 1. HP: 7/7 MP: 4/4
   176 | D:1      | Reached XP level 2. HP: 11/11 MP: 4/6
  1004 | D:1      | Reached XP level 3. HP: 14/14 MP: 6/8
  1087 | D:1      | Learned a level 3 spell: Stone Arrow
  1264 | D:2      | Noticed Terence
  1270 | D:2      | Killed Terence
  1280 | D:2      | Reached XP level 4. HP: 18/18 MP: 2/9
  1940 | D:2      | Noticed Sigmund
  2092 | D:2      | Killed Sigmund
  2093 | D:2      | Reached skill level 1 in Conjurations
  2093 | D:2      | Reached XP level 5. HP: 17/21 MP: 2/11
  2333 | D:2      | Found a faded altar of an unknown god.
  3025 | D:3      | Gained mutation: You are covered in thick fur. (AC +2)
                  | [Felid growth]
  3025 | D:3      | Reached XP level 6. HP: 24/24 MP: 12/12
  3822 | D:4      | Reached skill level 5 in Earth Magic
  3919 | D:4      | Reached XP level 7. HP: 23/27 MP: 14/14
  4336 | D:5      | Entered Level 5 of the Dungeon
  4451 | D:5      | Noticed Grinder
  4615 | D:4      | Learned a level 2 spell: Passwall
  4628 | D:5      | Killed Grinder
  4629 | D:5      | Reached skill level 1 in Unarmed Combat
  4751 | D:5      | Noticed Pikel
  5162 | D:5      | Noticed a komodo dragon
  5523 | D:6      | Reached XP level 8. HP: 31/31 MP: 16/16
  5582 | D:6      | Found a sparkling altar of Nemelex Xobeh.
  5674 | D:5      | Killed a komodo dragon
  5675 | D:5      | Reached skill level 5 in Spellcasting
  5823 | D:5      | Found a hazy altar of Hepliaklqana.
  5991 | D:5      | Killed Pikel
  5992 | D:5      | Reached skill level 5 in Stealth
  6414 | D:5      | Noticed Edmund
  6417 | D:4      | HP: 1/31 [ogre/+0 giant spiked club (30)]
  6806 | D:5      | Reached XP level 9. HP: 34/34 MP: 13/19
  6978 | D:5      | Killed Edmund
  6979 | D:5      | Reached skill level 1 in Fighting
  6979 | D:5      | Reached skill level 1 in Evocations
  7175 | D:6      | Got Fickaock's Disquisition on the Voyage
  7431 | D:5      | Learned a level 4 spell: Dispel Undead
  7632 | D:6      | Reached skill level 1 in Necromancy
  8050 | D:7      | Gained mutation: Your flesh is heat resistant. (rF+)
                  | [potion of mutation]
  8050 | D:7      | Gained mutation: You are partially covered in iridescent
                  | scales. (AC +2) [potion of mutation]
  8050 | D:7      | Gained mutation: You are somewhat resistant to further
                  | mutation. [potion of mutation]
  8353 | D:7      | Found a staircase to the Ecumenical Temple.
  8372 | Temple   | Entered the Ecumenical Temple
  8428 | Temple   | Became a worshipper of Vehumet
  8517 | D:7      | Reached skill level 5 in Conjurations
  8651 | D:7      | Identified the +7 trident of Freezing True Grit {freeze,
                  | rPois rC+ Str-2 Int+6}
  9322 | D:7      | Found an opulent altar of Gozag.
  9328 | D:7      | Found a shadowy altar of Dithmenos.
  9333 | D:7      | Found a shimmering altar of Xom.
  9441 | D:8      | Noticed Harold
  9446 | D:8      | Slain by Harold
  9447 | D:8      | Reached XP level 8. HP: -1/32 MP: 27/27
  9461 | D:8      | Noticed a hornet
  9473 | D:8      | Killed a hornet
  9474 | D:8      | Reached XP level 9. HP: 35/35 MP: 19/19
  9932 | D:8      | Reached * piety under Vehumet
  9932 | D:8      | Offered knowledge of Shock by Vehumet.
 10123 | D:8      | Reached skill level 5 in Dodging
 10449 | D:8      | Noticed a three-headed hydra
 10507 | D:8      | Killed a three-headed hydra
 10508 | D:8      | Reached skill level 5 in Necromancy
 10864 | D:9      | Reached XP level 10. HP: 28/40 MP: 20/20
 11206 | D:9      | Found a sacrificial altar of Ru.
 11274 | D:9      | Reached ** piety under Vehumet
 11277 | D:9      | Offered knowledge of Scorch by Vehumet.
 11531 | D:8      | Found a bloodstained altar of Trog.
 12117 | D:9      | Noticed 0gre's ghost (novice GnIE)
 12118 | D:9      | Found a runed translucent door.
 12759 | D:9      | Offered knowledge of Mephitic Cloud by Vehumet.
 13004 | D:10     | Entered Level 10 of the Dungeon
 13021 | D:10     | Noticed Sonja
 13025 | D:10     | Killed Sonja
 13102 | D:10     | Noticed a death yak
 13103 | D:10     | Noticed a death yak
 13147 | D:10     | Killed a death yak
 13151 | D:10     | Killed a death yak
 13151 | D:10     | Reached *** piety under Vehumet
 13235 | D:10     | Found a staircase to the Lair.
 13731 | D:10     | Reached XP level 11. HP: 26/43 MP: 14/21
 14023 | D:10     | Offered knowledge of Conjure Flame by Vehumet.
 14034 | D:10     | Noticed a death yak
 14163 | D:10     | Killed a death yak
 14323 | D:10     | Slain by a meliai zombie
 14324 | D:10     | Reached XP level 10. HP: -1/40 MP: 10/38
 14395 | D:10     | Noticed a two-headed ogre
 14628 | D:10     | Killed a two-headed ogre
 14932 | D:11     | Noticed a red ugly thing
 14940 | D:11     | Killed a red ugly thing
 14992 | D:11     | Noticed a cyclops
 15006 | D:11     | Killed a cyclops
 15046 | D:11     | Reached **** piety under Vehumet
 15047 | D:11     | Reached XP level 11. HP: 45/45 MP: 21/21
 15481 | D:11     | Noticed a boulder beetle
 15482 | D:11     | Noticed a boulder beetle
 15487 | D:11     | Noticed a six-headed hydra
 15996 | D:11     | Learned a level 1 spell: Apportation
 15999 | D:11     | Learned a level 2 spell: Blink
 16008 | D:11     | Learned a level 8 spell: Lehudib's Crystal Spear
 16067 | D:11     | Noticed a boulder beetle
 16127 | D:11     | Annihilated by a boulder beetle
 16128 | D:11     | Reached XP level 10. HP: -37/42 MP: 37/38
 16360 | D:11     | Killed a six-headed hydra
 16360 | D:11     | Offered knowledge of Lee's Rapid Deconstruction by Vehumet.
 16692 | D:12     | Noticed a deep elf pyromancer
 16699 | D:12     | Killed a deep elf pyromancer
 16714 | D:12     | Found a broken altar of Ashenzari.
 16850 | D:12     | Noticed Maurice
 16856 | D:12     | Noticed a five-headed hydra
 16859 | D:12     | Killed Maurice
 16981 | D:12     | Killed a five-headed hydra
 16982 | D:12     | Reached skill level 10 in Conjurations
 17183 | D:12     | Noticed a six-headed hydra
 17188 | D:12     | Killed a six-headed hydra
 17189 | D:12     | Reached XP level 11. HP: 45/45 MP: 22/22
 17392 | D:12     | Noticed a two-headed ogre
 17397 | D:12     | Killed a two-headed ogre
 17398 | D:12     | Reached skill level 10 in Earth Magic
 17577 | D:12     | Noticed a two-headed ogre
 17596 | D:12     | Killed a two-headed ogre
 17682 | D:12     | Reached ***** piety under Vehumet
 17684 | D:12     | Offered knowledge of Yara's Violent Unravelling by Vehumet.
 17753 | D:12     | Found a staircase to the Orcish Mines.
 17890 | D:12     | Noticed Urug
 17897 | D:12     | Noticed a boulder beetle
 17925 | D:13     | Noticed a centaur warrior
 17935 | D:13     | Killed a centaur warrior
 18121 | D:13     | Slain by a manticore

Illustrated notes

Levels and vault maps discovered:
D:1:      dpeg_arrival_pond, layout_loops_ring
D:2:      layout_basic, shapermc_ecumenical_altar_mp_urbaneastern, uniq_sigmund,
          uniq_terence
D:3:      layout_basic
D:4:      layout_cave_pools, minmay_misc_feat_five, chequers_avenue,
          grunt_decor_one_mirror
D:5:      layout_rooms, mainiacjoe_overflow_alcove_4, grunt_ministairs_5,
          st_stairs_5, uniq_pikel, uniq_grinder, uniq_edmund
D:6:      layout_basic, nemelex_spade_bored_becter
D:7:      layout_basic, minmay_overflow_temple_star_quad,
          minmay_temple_entry_metal_lava, hangedman_misty_isle
D:8:      layout_loops_ring, trog_three_pillars_becter, hangedman_ranch,
          uniq_harold
D:9:      layout_roguey, mainiacjoe_overflow_chevrons, special_room
          [special_room_orc], gammafunk_ghost_grave
D:10:     minmay_s_stair_smasher, layout_basic, dpeg_lair_monsters, uniq_sonja
D:11:     layout_long_grid, minmay_mirror_moons_of_madness
D:12:     layout_loops_corners, david_orc_5, nicolae_ashenzari_panopticon,
          uniq_maurice, uniq_urug
D:13:     layout_roguey
Temple:   eino_wide_crystal_templ

Skill      XL: |  1  2  3  4  5  6  7  8  9 10 11 |
---------------+----------------------------------+-----
Earth Magic    | 3 4 5 6 7 9 10 | 10.2
Stealth        | 3 4 5 |  5.8
Spellcasting   | 3 4 6 7 |  7.3
Conjurations   | 1 2 6 7 10 9 | 10.5
Dodging        | 3 4 5 7 6 |  7.4
Unarmed Combat | 1 2 3 |  3.3
Fighting       | 1 3 |  3.6
Evocations     | 3 4 |  4.5
Necromancy     | 4 5 6 7 |  7.7
Transmutations | 2 3 |  3.4
Translocations | |  0.8

Action                   |  1- 3 |  4- 6 |  7- 9 | 10-12 || total
-------------------------+-------+-------+-------+-------++-------
Melee: Unarmed           |     9 |    22 |    10 |    30 ||    71
       Bite              |       |     4 |     3 |     4 ||    11
       Punch             |       |       |       |     1 ||     1
 Cast: Sandblast         |    32 |    57 |    61 |    36 ||   186
       Stone Arrow       |     3 |    16 |   148 |   232 ||   399
       Passwall          |       |       |     5 |     6 ||    11
       Dispel Undead     |       |       |     4 |    41 ||    45
       Blink             |       |       |       |     5 ||     5
Evoke: Wand              |       |       |    18 |    23 ||    41
  Use: Scroll            |     5 |       |     9 |     9 ||    23
       Potion            |       |     1 |     2 |     3 ||     6
 Stab: Sleeping          |     1 |     9 |       |       ||    10
Armor: Skin              |       |     2 |     9 |    35 ||    46
Dodge: Dodged            |    20 |    27 |   100 |   187 ||   334
